 Dungeon Sprint DCSS version 0.17-a0-1337-ge651487 (webtiles) character file.

1271 Kidiri the Covert (level 8, -30/36 HPs)
             Began as a Spriggan Enchanter on June 10, 2015.
             Annihilated by a kraken (45 damage)
             ... in the Dungeon (Sprint II: "The Violet Keep of Menkaure").
             The game lasted 00:07:13 (839 turns).

Kidiri the Covert (Spriggan Enchanter)               Turns: 839, Time: 00:07:13

Health: -30/36     AC:  3    Str:  4    XL:     8   Next: 28%
Magic:  1/22       EV: 28    Int: 17    God:
Gold:   165        SH:  0    Dex: 18    Spells: 8 memorised, 0 levels left

rFire  . . .     SeeInvis +     a - +1 dagger
rCold  . . .     Clarity  .     b - +1 robe
rNeg   . . .     SustAt   .     (shield restricted)
rPois  .         Gourm    .     (helmet restricted)
rElec  .         Spirit   .     (no cloak)
rCorr  .         Warding  .     (gloves unavailable)
rMut   .         NoTele   +     (boots unavailable)
MR     +....                    (no amulet)
Stlth  +++.......               (no ring)
                                (no ring)

@: very quick, somewhat resistant to hostile enchantments, fairly stealthy
A: unfitting armour, see invisible, herbivore 3, speed 3, slow metabolism 2
a: no special abilities


You were in the Dungeon.
You were not hungry.

You visited 1 branch You collected 990 gold pieces.
You spent 825 gold pieces at shops.

Inventory:

Hand weapons
 a - a +1 dagger (weapon)
Armour
 b - a +1 robe (worn)
Scrolls
 j - a scroll of blinking
Potions
 g - a potion of haste
 h - 2 potions of magic
Books
 c - a book of Maledictions

   Spells                             Type                      Level
   a - Corona                         Hexes                        1
   b - Ensorcelled Hibernation        Hexes/Ice                    2
   c - Confuse                        Hexes                        3
   d - Tukima's Dance                 Hexes                        3
   e - Dazzling Spray                 Conjuration/Hexes            3
 f - a book of Burglary

   Spells                             Type                      Level
   a - Swiftness                      Charms/Air                   2
   b - Passwall                       Transmutation/Earth          3
   c - Passage of Golubria            Translocation                4
   d - Lee's Rapid Deconstruction     Earth                        5
   e - Invisibility                   Hexes                        6
   f - Darkness                       Hexes                        7
Comestibles
 d - a bread ration


   Skills:
 * Level 8.8 Short Blades
 * Level 11.6 Dodging
 * Level 12.7 Stealth
 * Level 9.8 Spellcasting
 + Level 3.5 Conjurations
 + Level 7.7 Hexes
 + Level 1.3 Transmutations
 + Level 4.0 Ice Magic
 + Level 0.8 Earth Magic


You couldn't memorise any spells.
You knew the following spells:

 Your Spells              Type           Power        Failure   Level  Hunger
a - Corona                Hex            ####...      1%          1    None
b - Ensorcelled Hibernat  Hex/Ice        ####..       1%          2    None
c - Confuse               Hex            ####....     1%          3    None
d - Tukima's Dance        Hex            ####....     1%          3    None
e - Dazzling Spray        Conj/Hex       ####....     2%          3    None
f - Passwall              Trmt/Erth      ##........   17%         3    None
g - Invisibility          Hex            ####....     63%         6    ######.
h - Lee's Rapid Deconstr  Erth           ##........   99%         5    #####..


Dungeon Overview and Level Annotations

Branches:
Dungeon (1/1)

Altars:
Cheibriados
Dithmenos
Fedhas
Gozag
Kikubaaqudgha
Makhleb
Qazlal
Ru
Sif Muna
Trog
Vehumet
Xom
Zin
Jiyva

Shops:
D [}:(==:[(!:*?%!!

Annotations:
D exclusion: oklob plant


Innate Abilities, Weirdness & Mutations

You are tiny and cannot use many weapons and most armour.
You have supernaturally acute eyesight.
You are a herbivore.
You cover ground extremely quickly.
You need consume almost no food.


Message History

The kraken misses you.
You hit the kraken.
The kraken is severely wounded.
You are engulfed in a cloud of scalding steam.
You hit the kraken but do no damage.
The kraken is severely wounded.
You are engulfed in a cloud of scalding steam.
The kraken is engulfed in a cloud of scalding steam.
You catch the helpless kraken completely off-guard!
You impale the kraken!!
The kraken is almost dead.
You are engulfed in a cloud of scalding steam.
Your unstable footing causes you to fumble your attack.
You are engulfed in a cloud of scalding steam.
* * * LOW HITPOINT WARNING * * *
Drink which item? (? for menu, Esc to quit)
You feel better.
The kraken seems less confused.
The kraken barely misses you. The kraken bites you!!!
Ouch! That really hurt!
You die...

.#≈≈####.######..##
.#≈##.###+###.##..#
.#≈#...##.##.#.#..# .# h#
.+≈+.#)+.<.'###'..### .##.#
.#≈#...##.##.#.#....###...##
##≈##.###+###.##≈.....≈≈≈≈≈≈
##≈≈####.#%####≈≈....§≈#+###
##≈≈≈#..#..#≈≈≈≈§≈≈..§#..._
#+#≈###.###≈≈≈@X≈≈≈.≈#.._.
#.#≈≈##+##≈≈≈§≈≈≈≈≈≈≈#._._
### ≈≈≈≈≈≈≈§≈≈≈§§≈§≈≈#_._.
+++#+++#§≈≈≈§§§§≈#._._ § §
##≈≈≈###§≈#_._. ##≈≈#
≈≈#._._ +§≈# ≈≈#_._. #≈≈≈
≈≈##### ###≈≈≈≈


You could see a kraken.

Vanquished Creatures
  A siren (D)
  A blink frog (D)
  2 hippogriffs (D)
  Menkaure (D)
  4 brain worms (D)
  4 worker ants (D)
13 creatures vanquished.

Vanquished Creatures (others)
  4 tentacles (D)
4 creatures vanquished.

Grand Total: 17 creatures vanquished

Notes
Turn   | Place    | Note
--------------------------------------------------------------
     0 | D        | Kidiri the Spriggan Enchanter began the quest for the Orb.
     0 | D        | Reached XP level 1. HP: 9/9 MP: 5/5
     1 | D        | Noticed a brain worm
    12 | D        | Killed a brain worm
    12 | D        | Reached skill level 6 in Dodging
    12 | D        | Reached skill level 7 in Stealth
    12 | D        | Reached skill level 5 in Spellcasting
    12 | D        | Reached XP level 2. HP: 13/13 MP: 6/9
    12 | D        | Reached XP level 3. HP: 16/16 MP: 6/10
    12 | D        | Reached XP level 4. HP: 21/21 MP: 7/12
    13 | D        | Noticed a brain worm
    19 | D        | Learned a level 2 spell: Ensorcelled Hibernation
    23 | D        | Learned a level 3 spell: Confuse
    27 | D        | Learned a level 3 spell: Tukima's Dance
    31 | D        | Learned a level 3 spell: Dazzling Spray
    55 | D        | Killed a brain worm
    55 | D        | Reached skill level 8 in Stealth
    55 | D        | Reached skill level 1 in Conjurations
    55 | D        | Reached skill level 5 in Hexes
    55 | D        | Reached skill level 1 in Ice Magic
    59 | D        | Noticed a brain worm
    59 | D        | Noticed a brain worm
    61 | D        | Killed a brain worm
    61 | D        | Reached skill level 5 in Short Blades
    61 | D        | Reached skill level 9 in Stealth
    61 | D        | Reached XP level 5. HP: 24/24 MP: 9/15
    63 | D        | Killed a brain worm
    63 | D        | Reached XP level 6. HP: 28/28 MP: 11/17
   110 | D        | Noticed a hippogriff
   110 | D        | Noticed a hippogriff
   113 | D        | Noticed a worker ant
   113 | D        | Noticed a worker ant
   113 | D        | Noticed a worker ant
   113 | D        | Noticed a worker ant
   116 | D        | Noticed a siren
   148 | D        | Killed a siren
   148 | D        | Reached skill level 10 in Dodging
   148 | D        | Reached skill level 11 in Stealth
   148 | D        | Reached XP level 7. HP: 32/32 MP: 3/20
   258 | D        | Killed a worker ant
   260 | D        | Killed a worker ant
   263 | D        | Killed a worker ant
   265 | D        | Killed a worker ant
   340 | D        | Killed a hippogriff
   340 | D        | Reached skill level 12 in Stealth
   349 | D        | Killed a hippogriff
   366 | D        | Noticed an orange crystal statue
   368 | D        | Noticed Menkaure
   369 | D        | Found Owkiogirph's Distillery.
   369 | D        | Found Paematz's Distillery.
   370 | D        | Killed Menkaure
   370 | D        | Reached XP level 8. HP: 36/36 MP: 20/22
   390 | D        | Found Reineh's Distillery.
   390 | D        | Found Ciuhiut's Assorted Antiques.
   390 | D        | Found Kuipehink's Food Emporium.
   390 | D        | Found Vackim's Antique Weapon Shoppe.
   390 | D        | Found Hoyjeum's Book Shoppe.
   391 | D        | Found Xoicoll's Antique Armour Shoppe.
   391 | D        | Found Iwkiar's Magic Scroll Shoppe.
   392 | D        | Found Pies Uqy's Book Shoppe.
   392 | D        | Found Joev's Jewellery Emporium.
   394 | D        | Found Neler's Jewellery Emporium.
   394 | D        | Found Nezaask's Weapon Shoppe.
   394 | D        | Noticed a fire dragon
   394 | D        | Noticed an oklob plant
   395 | D        | Found Ajudd's Gadget Shoppe.
   395 | D        | Found Jateefro's Book Shoppe.
   395 | D        | Found Yhelodgh's Antique Armour Emporium.
   414 | D        | Noticed a spiny frog
   421 | D        | Noticed a spiny frog
   424 | D        | Noticed a polar bear
   425 | D        | Bought a book of Burglary for 825 gold pieces
   427 | D        | Noticed a polar bear
   429 | D        | Learned a level 3 spell: Passwall
   436 | D        | Learned a level 6 spell: Invisibility
   442 | D        | Learned a level 5 spell: Lee's Rapid Deconstruction
   479 | D        | Noticed a blink frog
   481 | D        | Killed a blink frog
   481 | D        | Reached skill level 1 in Transmutations
   511 | D        | Noticed a kraken
   523 | D        | Found a sacrificial altar of Ru.
   523 | D        | Found a blossoming altar of Fedhas.
   526 | D        | Found a snail-covered altar of Cheibriados.
   529 | D        | Found a deep blue altar of Sif Muna.
   529 | D        | Found a viscous altar of Jiyva.
   530 | D        | Found a stormy altar of Qazlal.
   530 | D        | Found an opulent altar of Gozag.
   530 | D        | Found a shadowy altar of Dithmenos.
   530 | D        | Found a glowing silver altar of Zin.
   531 | D        | Found a bloodstained altar of Trog.
   533 | D        | Found a shimmering altar of Xom.
   533 | D        | Found a radiant altar of Vehumet.
   533 | D        | Found a burning altar of Makhleb.
   533 | D        | Found an ancient bone altar of Kikubaaqudgha.
   533 | D        | Noticed a polar bear
   839 | D        | Annihilated by a kraken

Vault maps used:
D:        the_violet_keep_of_menkaure

Action                   |  1- 3 |  4- 6 |  7- 9 || total
-------------------------+-------+-------+-------++-------
Melee: Dagger            |     9 |    21 |    34 ||    64
 Cast: Ensorcelled Hiber |       |     4 |    15 ||    19
       Confuse           |       |     3 |     9 ||    12
  Use: Potion            |       |     2 |     1 ||     3
 Stab: Sleeping          |     1 |     3 |     9 ||    13
       Confused          |       |       |     6 ||     6
